 Dungeon Crawl Stone Soup version 0.24.0-37-gcf1ca852f1 (webtiles) character file.

Game seed: 17276815683171432321, levelgen mode: deterministic

30 Ivernyr the Digger (level 3, 30/30 HPs)
             Began as a Deep Dwarf Earth Elementalist on Nov 26, 2019.
             Quit the game on level 1 of the Dungeon.
             The game lasted 00:03:26 (360 turns).

Ivernyr the Digger (Deep Dwarf Earth Elementalist)   Turns: 360, Time: 00:03:26

Health: 30/30      AC:  2    Str: 11    XL:     3   Next: 5%
Magic:  4/5        EV: 13    Int: 16    God:
Gold:   32         SH:  0    Dex: 13    Spells: 3/6 levels left

rFire    . . .     SeeInvis .   e - +0 dagger
rCold    . . .     Gourm    .   (no shield)
rNeg     . . .     Faith    .   c - +0 robe
rPois    .         Spirit   .   (no helmet)
rElec    .         Reflect  .   (no cloak)
rCorr    .         Harm     .   (no gloves)
MR       .....     Rnd*Tele +   (no boots)
Stlth    ++........             (no amulet)
HPRegen  0.00/turn              a - ring of teleportation (curse)
MPRegen  0.09/turn              (no ring)

@: non-regenerating
A: damage resistance, heal wounds, sense surroundings 1, no regeneration
a: Heal Wounds


You were on level 1 of the Dungeon.
You were not hungry.

You visited 1 branch of the dungeon, and saw 1 of its levels.

You collected 32 gold pieces.

Inventory:

Hand Weapons
 e - a +0 dagger (weapon)
Missiles
 b - 67 stones (quivered)
Armour
 c - a +0 robe (worn)
Jewellery
 a - a cursed ring of teleportation (left hand)
Scrolls
 f - a scroll of identify {unknown}
Comestibles
 d - a ration


   Skills:
 + Level 0.9 Fighting
 + Level 2.6 Dodging
 - Level 2.4 Stealth
 + Level 2.0 Spellcasting
 - Level 0.8 Transmutations
 * Level 4.7 Earth Magic


You had 3 spell levels left.
You knew the following spells:

 Your Spells              Type           Power        Failure   Level  Hunger
a - Sandblast             Erth           ###...       3%          1    #......
b - Passwall              Tmut/Erth      ##......     10%         2    ###....

Your spell library contained the following spells:

 Spells                   Type           Power        Failure   Level  Hunger
 Stone Arrow              Conj/Erth      #.....       24%         3    ###....
 Petrify                  Tmut/Erth      ##......     54%         4    #####..
 Lee's Rapid Deconstruct  Erth           ###.......   63%         5    ######.


Dungeon Overview and Level Annotations

Branches:
Dungeon (1/15)

Altars:


Innate Abilities, Weirdness & Mutations

You are resistant to damage.
You can heal yourself by infusing magical energy.
You passively map a small area around you.
You do not regenerate.


Message History

You kill the leopard gecko!
You have reached level 3!
Your experience leads to an increase in your attributes!
Increase (S)trength, (I)ntelligence, or (D)exterity?
You feel clever.
b - 67 stones The rat closely misses you.
You hit the rat.
The rat is heavily wounded.
The rat misses you.
You hit the rat.
You kill the rat!
You see here a rat corpse.
Your magical essence is drained by the effort!
You feel much better.
(D) Dungeon
Where to? (? - help)
What level of the Dungeon? (default 1, ? - help)
A rat comes into view.
Are you sure you want to abandon this character and quit the game? (Confirm with "yes".)

..........................
,
###################.......
, ,
..####...##...##..#.......
, .#.##.##.##
#....#....... ,
###...###.## ###.<#.#..#l.
#..#### #..###....#..... .
* .###* #.#.#.##..##.....
#.# #.##.^#######.... .##
*,..########@.......
######## #.......#...... .
, ,,... ##..#.......###r..
, ##.. *#.....#....####...
., .††###...###....#......
.#**#..#...........÷.#*, ,
.# ##.#....##.#.#...##
.####.................####
....#.###................#


You could see a rat (sleeping).

Vanquished Creatures
  An ooze (D:1)
  A dart slug (D:1)
  3 leopard geckos (D:1)
  2 bats (D:1)
  3 goblins (D:1)
  5 jackals (D:1)
  A kobold (D:1)
  3 rats (D:1)
19 creatures vanquished.

Notes
Turn   | Place    | Note
-------+----------+-------------------------------------------
     0 | D:1      | Ivernyr the Deep Dwarf Earth Elementalist began the quest
                  | for the Orb.
     0 | D:1      | Reached XP level 1. HP: 15/15 MP: 3/3
   120 | D:1      | Reached XP level 2. HP: 24/24 MP: 4/4
   124 | D:1      | Learned a level 2 spell: Passwall
   333 | D:1      | Reached XP level 3. HP: 15/30 MP: 2/6
   360 | D:1      | Quit the game

Levels and vault maps discovered:
D:1:      dpeg_arrival_signposts, layout_rooms

Skill      XL: |  1  2 |
---------------+-------+-----
Spellcasting   | 2 |  2.0
Fighting       | |  0.9
Dodging        | |  2.6
Stealth        | |  2.4
Transmutations | |  0.8
Earth Magic    | |  4.7

Action                   || total
-------------------------++-------
Melee: Dagger            ||    20
 Cast: Sandblast         ||    18
 Abil: Heal Wounds       ||     1
 Stab: Sleeping          ||     1
Armor: Robe              ||     4
Dodge: Dodged            ||    23
